 Dungeon Crawl Stone Soup version 0.21.1-1-g345015f (webtiles) character file.

16720 mike2R the Spear-Bearer (level 12, -2/68 HPs)
             Began as a Merfolk Summoner on Mar 30, 2018.
             Was an Elder of Dithmenos.
             Killed from afar by a wretched star (29 damage)
             ... with an orb of energy
             ... on level 3 of the Abyss on Mar 31, 2018.
             The game lasted 03:05:30 (18886 turns).

mike2R the Spear-Bearer (Merfolk Summoner)         Turns: 18886, Time: 03:05:31

Health: -2/68      AC: 14    Str: 10    XL:     12   Next: 40%
Magic:  20/20      EV: 16    Int: 16    God:    Dithmenos [****..]
Gold:   522        SH:  6    Dex: 18    Spells: 5/22 levels left

rFire    + . .     SeeInvis .   a - +8 trident of the Open Hand {holy, Str+2}
rCold    . . .     Gourm    .   s - +1 buckler
rNeg     . . .     Faith    .   K - +3 ring mail {rPois}
rPois    +         Spirit   .   p - +0 helmet
rElec    .         Reflect  .   j - +1 cloak
rCorr    .         Harm     .   L - +1 pair of gloves
MR       .....                  (no boots)
Stlth    +++.......             f - amulet of rage
HPRegen  0.21/turn              m - ring of protection from fire
MPRegen  0.17/turn              o - ring of poison resistance

@: very slightly contaminated, wreathed by umbra
A: change form in water, swift swim, stealthy swim, [frail 2]
a: Shadow Step, Renounce Religion, Evoke Berserk Rage


You were on level 3 of the Abyss.
You worshipped Dithmenos.
Dithmenos was greatly pleased with you.
You were very hungry.

You visited 3 branches of the dungeon, and saw 15 of its levels.
You visited the Abyss 1 time.

You collected 883 gold pieces.
You spent 361 gold pieces at shops.

Inventory:

Hand Weapons
 a - the +8 trident of the Open Hand (weapon) {holy, Str+2}
   (You found it on level 1 of the Lair of Beasts)

   It has been blessed by the Shining One to cause great damage to the undead
   and demons.
   It affects your strength (+2).
Missiles
 k - 386 stones
 t - 3 javelins of returning
 u - 26 tomahawks (quivered)
Armour
 j - a +1 cloak (worn)
 p - a +0 helmet (worn)
 s - a +1 buckler (worn)
 v - a scarf of cloud immunity
 F - a +0 shield
 K - a +3 ring mail of poison resistance (worn)
 L - a +1 pair of gloves (worn)
Magical Staves
 b - an uncursed staff of power
Jewellery
 e - an uncursed ring of fire
 f - an amulet of rage (around neck)
 m - a ring of protection from fire (left hand)
 o - a ring of poison resistance (right hand)
Wands
 g - a wand of iceblast (33)
 C - a wand of disintegration (7)
Scrolls
 d - a scroll of amnesia
 i - a scroll of teleportation
 q - a scroll of fear
 w - 2 scrolls of magic mapping
 x - 3 scrolls of remove curse
 z - a scroll of blinking
 J - 3 scrolls of fog
Potions
 h - 2 potions of lignification
 l - 2 potions of brilliance
 r - a potion of heal wounds
 A - 2 potions of haste
 B - 4 potions of curing
 E - 2 potions of resistance
 H - 3 potions of magic
 I - a potion of agility
 M - 2 potions of flight
 N - a potion of ambrosia
Books
 y - the Papyrus of Scorching Venom
   (You found it on level 7 of the Dungeon)

   Spells                             Type                      Level
   a - Conjure Flame                  Conjuration/Fire             3
   b - Fireball                       Conjuration/Fire             5
   c - Alistair's Intoxication        Transmutation/Poison         5
   d - Ring of Flames                 Charms/Fire                  7
 D - a book of Callings

   Spells                             Type                      Level
   a - Summon Small Mammal            Summoning                    1
   b - Call Imp                       Summoning                    2
   c - Call Canine Familiar           Summoning                    3
   d - Summon Guardian Golem          Hexes/Summoning              3
   e - Summon Lightning Spire         Summoning/Air                4
   f - Summon Ice Beast               Ice/Summoning                4
Comestibles
 c - 10 rations


   Skills:
 - Level 5.2 Fighting
 - Level 14.0 Polearms
 - Level 5.2 Throwing
 - Level 3.5 Armour
 - Level 9.1 Dodging
 + Level 2.8 Stealth
 - Level 4.0 Shields
 - Level 5.9 Spellcasting
 - Level 1.3 Hexes
 - Level 7.9 Summonings
 - Level 5.2 Ice Magic
 - Level 4.2 Air Magic
 - Level 3.5 Evocations


You had 5 spell levels left.
You knew the following spells:

 Your Spells              Type           Power        Failure   Level  Hunger
a - Summon Small Mammal   Summ           ####         1%          1    None
b - Call Imp              Summ           ####....     1%          2    #......
c - Call Canine Familiar  Summ           ####....     3%          3    ##.....
d - Summon Guardian Gole  Hex/Summ       ###.....     16%         3    ##.....
e - Summon Ice Beast      Ice/Summ       ####....     22%         4    ####...
f - Summon Lightning Spi  Summ/Air       ###.....     28%         4    ####...


Dungeon Overview and Level Annotations

Branches:
Dungeon (10/15)            Temple (1/1) D:6            Lair (4/6) D:10
 Spider (0/4) Lair:2          Orc (0/2) D:10
  Swamp: Lair:2-4    Shoals: Lair:2-4

Altars:
Ashenzari
Cheibriados
Dithmenos
Elyvilon
Fedhas
Gozag
Hepliaklqana
Kikubaaqudgha
Makhleb
Nemelex Xobeh
Okawaru
Qazlal
Ru
Sif Muna
Trog
Uskayaw
Vehumet
Wu Jian
Xom
Yredelemnul
Zin
The Shining One

Shops:
D:4 [*%[   D:5 [==   D:6 *   D:10 ([(?!

Annotations:
Lair:2 exclusion: 2 oklob plants


Innate Abilities, Weirdness & Mutations

You revert to your normal form in water.
You are very nimble and swift while swimming.
You are very stealthy in the water. (Stealth+)
[You are very frail. (-20% HP)]


Message History

The orb of energy hits you!
The orb of energy explodes!
You closely miss the wretched star.
The wretched star is moderately damaged.
You puncture the wretched star!
The wretched star is heavily damaged.
The wretched star glows turbulently.
The orb of energy hits you!
You are too injured to fight recklessly!
You are too injured to fight recklessly!
You are too injured to fight recklessly!
You are too injured to fight recklessly!
You barely miss the wretched star.
The wretched star is heavily damaged.
You puncture the wretched star!
The wretched star is heavily damaged.
You puncture the wretched star!
The wretched star is severely damaged.
The wretched star glows turbulently.
The orb of energy hits you!
You die...

#.. #. . .X #
#.. . ##.## .
## ### ..#. #.
##.#. ##..# . #
#..#. . ....#.
.. . # ..X# ##
. #. #*######
#...#..##
#@.....# ###.#
##
#.##.#..#####.#
... ###... .#.#
##.# .#.#....#
#. #.##.#. ##
## ##.#.#### ##
# .#


You could see a starcursed mass, a wretched star and a large abomination.

Vanquished Creatures
  Erolcha (D:9)
  Urug (Lair:3)
  2 thrashing horrors (Abyss:3)
  3 elephants (Lair:4)
  A black mamba (Lair:4)
  A spiny frog (Lair:2)
  An orange demon (Abyss:3)
  3 komodo dragons
  5 blink frogs
  A hippogriff (Lair:1)
  A tarantella (Lair:2)
  A wyvern (Lair:3)
  16 yaks
  A neqoxec (Abyss:3)
  A water moccasin (Lair:1)
  8 porcupines
  An ice beast (D:5)
  3 centaurs
  A crocodile (Lair:1)
  6 bullfrogs
  2 small abominations (Abyss:3)
  A scorpion (D:4)
  A howler monkey (D:4)
  A bullfrog skeleton (D:10)
  A centaur skeleton (D:4)
  A hound (D:6)
  A jelly (D:6)
  An orc wizard (D:4)
  2 iguanas
  2 worker ants
  A killer bee zombie (D:5)
  A hound skeleton (D:4)
  A worker ant zombie (D:9)
  4 adders
  An ooze (D:2)
  An adder skeleton (D:4)
  A dart slug (D:1)
  A leopard gecko (D:4)
  6 orcs
  5 bats
  2 giant cockroaches
  3 goblins
  5 hobgoblins
  5 jackals
  3 quokkas
  5 frilled lizards
  6 kobolds
  A quokka skeleton (D:6)
  6 rats
129 creatures vanquished.

Vanquished Creatures (collateral kills)
  Snorg (D:10)
  Harold (D:10)
  A hydra (Lair:2)
  A two-headed ogre (D:10)
  The ghost of shugdite the Basher, a novice MiGl of Okawaru (D:6)
  2 elephants (Lair:4)
  6 spiny frogs
  A komodo dragon (Lair:3)
  A blink frog (Lair:4)
  Grinder (D:3)
  A polar bear (Lair:2)
  A hippogriff (D:8)
  Prince Ribbit (D:8)
  3 wyverns
  14 yaks
  A basilisk (Lair:3)
  3 wargs (D:10)
  4 water moccasins
  3 porcupines
  An ice beast (D:9)
  A black bear (Lair:4)
  3 orc warriors
  2 phantoms
  3 sky beasts
  2 necrophages (D:8)
  An ogre (D:8)
  3 crocodiles
  9 bullfrogs
  A big kobold (D:7)
  3 scorpions
  4 killer bees (D:8)
  An electric eel (Lair:2)
  2 crimson imps
  A bullfrog zombie (D:6)
  2 centaur zombies
  A jelly (D:5)
  A hound (D:9)
  An orc priest (D:9)
  9 orc wizards
  An iguana (D:9)
  3 worker ants
  A killer bee zombie (D:8)
  A hound skeleton (D:4)
  A howler monkey zombie (D:7)
  5 adders
  An ooze (D:3)
  3 worms
  A dart slug (D:4)
  3 leopard geckos
  22 orcs
  2 giant cockroaches
  A goblin (D:1)
  3 hobgoblins
  13 jackals
  7 kobolds
  2 quokkas
  3 frilled lizards (D:3)
  A jackal zombie (D:6)
  A rat (D:3)
  2 starspawn tentacles (Abyss:3)
175 creatures vanquished.

Vanquished Creatures (others)
  Joseph (Lair:1)
  2 yaks
  An orc wizard (D:8)
  A fungus (Lair:4)
  6 plants (Lair:3)
  7 starspawn tentacles (Abyss:3)
18 creatures vanquished.

Grand Total: 322 creatures vanquished

Notes
Turn   | Place    | Note
-------+----------+-------------------------------------------
     0 | D:1      | mike2R the Merfolk Summoner began the quest for the Orb.
     0 | D:1      | Reached XP level 1. HP: 13/13 MP: 3/3
   298 | D:1      | Reached XP level 2. HP: 14/19 MP: 1/5
   499 | D:1      | Learned a level 2 spell: Call Imp
   763 | D:2      | Reached XP level 3. HP: 24/24 MP: 1/6
  1011 | D:2      | Learned a level 3 spell: Call Canine Familiar
  1141 | D:2      | Found a burning altar of Makhleb.
  1451 | D:2      | Found a white marble altar of Elyvilon.
  1706 | D:2      | Reached XP level 4. HP: 30/30 MP: 8/8
  1850 | D:3      | Noticed Grinder
  2121 | D:3      | Learned a level 3 spell: Summon Guardian Golem
  2179 | D:3      | Killed Grinder
  2179 | D:3      | Reached skill level 5 in Summonings
  2179 | D:3      | Reached XP level 5. HP: 35/35 MP: 0/10
  2306 | D:3      | Found a basalt altar of Yredelemnul.
  2307 | D:3      | Found an iron altar of Okawaru.
  2494 | D:3      | Found an opulent altar of Gozag.
  2754 | D:4      | Found Koruj's Food Emporium.
  2821 | D:4      | Reached skill level 1 in Hexes
  2821 | D:4      | Reached XP level 6. HP: 24/41 MP: 12/12
  2822 | D:4      | Found Luiked's Assorted Antiques.
  2831 | D:4      | Bought a yellow potion for 24 gold pieces
  2831 | D:4      | Bought a scroll of identify for 54 gold pieces
  3134 | D:4      | Found Gufurchu's Armour Emporium.
  3139 | D:4      | Bought a +0 cloak for 45 gold pieces
  3150 | D:4      | Learned a level 4 spell: Summon Ice Beast
  3197 | D:4      | Noticed a phantom
  3207 | D:4      | Killed a phantom
  3207 | D:4      | Reached skill level 1 in Ice Magic
  3322 | D:4      | Found a shadowy altar of Dithmenos.
  3340 | D:4      | Became a worshipper of Dithmenos the Shadowed
  3453 | D:4      | Reached XP level 7. HP: 46/46 MP: 0/13
  3764 | D:4      | Found Foeti's Armour Boutique.
  4175 | D:5      | Entered Level 5 of the Dungeon
  4273 | D:5      | Reached skill level 1 in Shields
  4334 | D:5      | Reached skill level 5 in Spellcasting
  4390 | D:5      | Found a hazy altar of Hepliaklqana.
  4489 | D:5      | Reached * piety under Dithmenos
  4607 | D:5      | Found Rioceruq's Jewellery Shoppe.
  4619 | D:5      | Found Goequzur's Antique Armour Shop.
  4709 | D:5      | Noticed Prince Ribbit
  4840 | D:5      | Found Usches's Jewellery Boutique.
  5241 | D:6      | Found a staircase to the Ecumenical Temple.
  5248 | Temple   | Entered the Ecumenical Temple
  5625 | D:6      | Reached XP level 8. HP: 52/52 MP: 13/16
  5719 | D:6      | Found Wiasos's General Store.
  5722 | D:6      | Bought a scroll of noise for 13 gold pieces
  5722 | D:6      | Bought a scroll of identify for 26 gold pieces
  5722 | D:6      | Bought a potion of degeneration for 13 gold pieces
  5722 | D:6      | Bought a potion of curing for 39 gold pieces
  6007 | D:6      | Noticed shugdite's ghost (novice MiGl)
  6045 | D:6      | Learned a level 4 spell: Summon Lightning Spire
  6193 | D:6      | Killed shugdite's ghost
  6961 | D:7      | Found a shimmering altar of Xom.
  7185 | D:7      | Identified the Papyrus of Scorching Venom
  7290 | D:7      | Found a hide-covered altar of Uskayaw.
  7669 | D:8      | Reached skill level 1 in Air Magic
  7676 | D:8      | Killed Prince Ribbit
  7755 | D:8      | Noticed a hippogriff
  7769 | D:8      | Killed a hippogriff
  7786 | D:8      | Reached ** piety under Dithmenos
  7786 | D:8      | Reached XP level 9. HP: 33/57 MP: 8/17
  8421 | D:8      | Reached skill level 5 in Ice Magic
  8464 | D:8      | Identified a scroll of acquirement
  9088 | D:9      | Reached skill level 1 in Polearms
  9243 | D:9      | Reached skill level 2 in Polearms
  9390 | D:9      | Reached skill level 3 in Polearms
  9462 | D:9      | Reached skill level 4 in Polearms
  9468 | D:9      | Got a scorched falchion
  9483 | D:9      | Noticed Erolcha
  9550 | D:9      | Paralysed by Erolcha for 7 turns
  9728 | D:9      | Found an ancient bone altar of Kikubaaqudgha.
  9875 | D:9      | Killed Erolcha
  9875 | D:9      | Reached skill level 7 in Polearms
 10130 | D:10     | Entered Level 10 of the Dungeon
 10130 | D:10     | Found a staircase to the Lair.
 10146 | D:10     | Found Qeobbuim's Magic Scroll Emporium.
 10153 | D:10     | Bought a scroll of immolation for 49 gold pieces
 10153 | D:10     | Bought a scroll of identify for 28 gold pieces
 10153 | D:10     | Bought a scroll of remove curse for 42 gold pieces
 10153 | D:10     | Bought a scroll of fog for 28 gold pieces
 10176 | D:10     | Reached *** piety under Dithmenos
 10176 | D:10     | Reached skill level 8 in Polearms
 10176 | D:10     | Reached XP level 10. HP: 7/63 MP: 11/18
 10465 | D:10     | Noticed Harold
 10481 | D:10     | Killed Harold
 10481 | D:10     | Reached skill level 9 in Polearms
 10633 | D:10     | Found Raunorofaa's Distillery.
 10677 | D:10     | Found Tiobyas's Antique Armour Boutique.
 10691 | D:10     | Found a staircase to the Orcish Mines.
 10976 | D:10     | Reached skill level 10 in Polearms
 10998 | D:10     | Noticed Snorg
 11229 | D:10     | Noticed a two-headed ogre
 11229 | D:10     | Found Mearoni's Antique Weapon Boutique.
 11240 | D:10     | Killed a two-headed ogre
 11240 | D:10     | Reached skill level 11 in Polearms
 11473 | D:10     | Found Plog's Weapon Shoppe.
 11579 | D:10     | Killed Snorg
 11579 | D:10     | Reached skill level 12 in Polearms
 11882 | Lair:1   | Entered Level 1 of the Lair of Beasts
 12207 | Lair:1   | Got an ancient trident
 12208 | Lair:1   | Identified the +8 trident of the Open Hand {holy, Str+2} (You found it on level 1 of the Lair of Beasts)
 12479 | Lair:1   | Noticed Joseph
 12494 | Lair:1   | Killed Joseph
 12645 | Lair:1   | Reached skill level 5 in Dodging
 13414 | Lair:2   | Reached skill level 13 in Polearms
 13414 | Lair:2   | Reached XP level 11. HP: 68/68 MP: 10/19
 13445 | Lair:2   | Identified the +7 falchion of the Lamprey {speed, Int+7} (You found it on level 9 of the Dungeon)
 14263 | Lair:2   | Found a hole to the Spider Nest.
 14316 | Lair:2   | Noticed an oklob plant
 14901 | Lair:2   | Noticed a five-headed hydra
 14911 | Lair:2   | Killed a five-headed hydra
 14911 | Lair:2   | Reached skill level 14 in Polearms
 15055 | Lair:2   | Reached **** piety under Dithmenos
 15333 | Lair:2   | Noticed an oklob plant
 15934 | Lair:3   | Reached skill level 1 in Fighting
 16048 | Lair:3   | Reached skill level 1 in Armour
 16964 | Lair:3   | Noticed Urug
 17005 | Lair:3   | Killed Urug
 17005 | Lair:3   | Reached skill level 5 in Fighting
 17299 | Lair:4   | Reached skill level 1 in Throwing
 17299 | Lair:4   | Reached XP level 12. HP: 79/86 MP: 20/20
 17887 | Lair:4   | Reached skill level 5 in Throwing
 18162 | Lair:4   | Cast into level 3 of the Abyss (miscasting Summon Ice Beast)
 18169 | Abyss:3  | Noticed a tentacled starspawn
 18257 | Abyss:3  | Noticed a thrashing horror
 18268 | Abyss:3  | Noticed a thrashing horror
 18275 | Abyss:3  | Killed a thrashing horror
 18299 | Abyss:3  | Killed a thrashing horror
 18439 | Abyss:3  | Noticed a tentacled starspawn
 18445 | Abyss:3  | Noticed a thrashing horror
 18446 | Abyss:3  | Noticed a tentacled starspawn
 18453 | Abyss:3  | Noticed a bone dragon
 18458 | Abyss:3  | Noticed a purple draconian
 18589 | Abyss:3  | Noticed a sun demon
 18590 | Abyss:3  | Noticed a sun demon
 18603 | Abyss:3  | Noticed a jiangshi
 18606 | Abyss:3  | Noticed an eidolon
 18871 | Abyss:3  | Noticed a wretched star
 18878 | Abyss:3  | Noticed a lich
 18886 | Abyss:3  | Killed from afar by a wretched star

Skill      XL: |  1  2  3  4  5  6  7  8  9 10 11 12 |
---------------+-------------------------------------+-----
Spellcasting   | 3 4 5 |  5.9
Summonings     | 5 7 |  7.9
Hexes          | 1 |  1.3
Ice Magic      | 2 3 4 5 |  5.2
Shields        | 3 4 |  4.0
Air Magic      | 2 4 |  4.2
Polearms       | 8 13 14 | 14.0
Dodging        | 6 9 |  9.1
Fighting       | 5 |  5.2
Armour         | 3 |  3.5
Throwing       | 1 5 |  5.2
Evocations     | 3 |  3.5
Stealth        | |  2.8

Action                   |  1- 3 |  4- 6 |  7- 9 | 10-12 || total
-------------------------+-------+-------+-------+-------++-------
Melee: Dagger            |    44 |       |       |       ||    44
       Short sword       |     2 |    21 |       |       ||    23
       Whip              |       |    19 |   100 |       ||   119
       Spear             |       |       |   177 |   105 ||   282
       Trident           |       |       |       |   280 ||   280
       Staff             |       |       |       |    26 ||    26
Throw: Tomahawk          |    55 |    45 |    57 |    48 ||   205
       Stone             |     4 |     4 |    18 |       ||    26
 Cast: Summon Small Mamm |    11 |       |       |       ||    11
       Call Imp          |    10 |    27 |    30 |     1 ||    68
       Call Canine Famil |     2 |     9 |    32 |     8 ||    51
       Summon Guardian G |       |     2 |    12 |    11 ||    25
       Summon Ice Beast  |       |       |    37 |   119 ||   156
       Summon Lightning  |       |       |     9 |    25 ||    34
 Abil: Evoke Berserk Rag |       |       |       |     2 ||     2
Evoke: Wand              |       |       |     1 |     2 ||     3
  Use: Scroll            |     7 |    10 |     6 |    11 ||    34
       Potion            |       |       |     1 |     3 ||     4
 Stab: Distracted        |       |     2 |     1 |     7 ||    10
       Sleeping          |       |     1 |       |     7 ||     8
  Eat: Chunk             |     2 |     6 |    18 |    28 ||    54
       Ration            |       |     1 |     6 |     9 ||    16
Armor: Robe              |     7 |       |       |       ||     7
       Leather armour    |     6 |     7 |    84 |    22 ||   119
       Skin              |       |       |       |    33 ||    33
       Ring mail         |       |       |       |    21 ||    21
Dodge: Dodged            |    37 |    23 |   125 |   164 ||   349
Block: Buckler           |       |       |    60 |    72 ||   132
